 Dungeon Crawl Stone Soup version 0.27-a0-1296-g8ece459b43 (console) character file.

Game seed: 7910913544778015763

2799 Hector the Cleaver (level 9, -5/74 HPs)
             Began as a Minotaur Abyssal Knight on June 16, 2021.
             Was a High Priest of Lugonu.
             Slain by a vampire (7 damage)
             ... on level 7 of the Dungeon.
             The game lasted 00:25:26 (8594 turns).

Hector the Cleaver (Minotaur Abyssal Knight)        Turns: 8594, Time: 00:25:27

Health: -5/74      AC: 13    Str: 19    XL:     9   Next: 43%
Magic:  11/11      EV:  8    Int:  9    God:    Lugonu [*****.]
Gold:   342        SH:  0    Dex: 11    Spells: 8/8 levels left

rFire    . . .     SeeInvis .   a - +3 battleaxe (vamp)
rCold    . . .     Faith    .   (shield currently unavailable)
rNeg     . . .     Spirit   .   m - +0 chain mail
rPois    .         Reflect  .   (helmet restricted)
rElec    .         Harm     .   n - +1 cloak
rCorr    .         Rampage  .   e - +0 pair of gloves
Will     .....                  (no boots)
Stlth    ..........             h - amulet of the acrobat
HPRegen  0.22/turn              (no ring)
MPRegen  0.12/turn              (no ring)

@: no status effects
A: horns 2, retaliatory headbutt
a: Renounce Religion, Depart the Abyss, Bend Space, Banish, Corrupt, Enter the
Abyss


You were on level 7 of the Dungeon.
You worshipped Lugonu.
Lugonu was extremely pleased with you.
You visited 1 branch of the dungeon, and saw 7 of its levels.
You visited the Abyss 1 time.
You also visited: Sewer and Ossuary.

You collected 342 gold pieces.

Inventory:

Hand Weapons
 a - a +3 vampiric battleaxe (weapon)
 b - a +0 trident of venom
 c - a +4 spear of freezing
 f - a +1 hand axe
 v - a +0 war axe
 C - a +1 hand axe of venom
Missiles
 i - 271 stones
 A - 44 poisoned darts
Armour
 e - a +0 pair of gloves (worn)
 m - a +0 chain mail (worn)
 n - a +1 cloak (worn)
Magical Staves
 g - a staff of cold
Jewellery
 h - an amulet of the acrobat (around neck)
Wands
 k - a wand of digging (14)
Scrolls
 l - 2 scrolls of teleportation
 s - a scroll of fear
 t - 3 scrolls of summoning
 u - 2 scrolls of enchant armour
 x - 2 scrolls of noise
 y - 3 scrolls of fog
 z - a scroll of blinking
Potions
 d - 3 potions of curing
 j - 3 potions of haste
 o - a potion of attraction {unknown}
 p - 4 potions of flight
 r - 4 potions of might
 w - 2 potions of magic


   Skills:
 + Level 5.4 Fighting
 * Level 12.8 Axes
 + Level 5.1 Armour
 + Level 2.0 Dodging
 * Level 5.0 Invocations


You had 8 spell levels left.
You didn't know any spells.
Your spell library contained the following spells:

 Spells                   Type           Power      Damage    Failure   Level
 Beastly Appendage        Tmut           0%         N/A       99%         1
 Magic Dart               Conj           0%         1d3       99%         1
 Blink                    Tloc           N/A        N/A       99%         2
 Call Imp                 Summ           0%         N/A       99%         2
 Slow                     Hex            0%         N/A       99%         2
 Wereblood                Tmut           0%         N/A       99%         2
 Conjure Flame            Conj/Fire      0%         6-21      100%        3
 Mephitic Cloud           Conj/Pois/Air  0%         N/A       100%        3
 Spider Form              Tmut/Pois      0%         N/A       100%        3
 Ice Form                 Ice/Tmut       0%         N/A       100%        4


Dungeon Overview and Level Annotations

Branches:
Dungeon (7/15)             Temple (0/1) D:4           Sewer (visited)
Ossuary (visited)

Altars:
Elyvilon
Okawaru
Trog
Xom

Annotations:
D:6 3 runed translucent doors, Thargor's ghost, amateur DsFE


Innate Abilities, Weirdness & Mutations

You have a pair of horns on your head.
You reflexively headbutt those who attack you in melee.


Message History

You are confused.
Unknown command.
You bump into the rock wall.
You bump into the rock wall.
Something hits you but does no damage. Something bites you.
Something draws strength from your injuries!
You hit something. Something hits you but does no damage.
Something bites you but does no damage.
You closely miss something. You headbutt something.
You feel less confused. Something hits you.
Something bites you but does no damage.
You barely miss something. Something hits you. Something bites you!
Something draws strength from your injuries!
You slash something! Your headbutt misses something. Something hits you.
Something bites you.
Something draws strength from your injuries!
You completely miss something. You headbutt something.
Something hits you but does no damage. Something bites you.
Something draws strength from your injuries!
You hit something but do no damage. Something hits you. Something bites you!
Something draws strength from your injuries!
Something hits you. Something bites you.
* * * LOW HITPOINT WARNING * * *
Something draws strength from your injuries!
You hit something. Your headbutt misses something. Something hits you!
* * * LOW HITPOINT WARNING * * *
Something bites you but does no damage.
You slash something! Your headbutt misses something.
A vampire appears from thin air!
Reactivating autopickup.
The vampire hits you but does no damage.
The vampire bites you.
* * * LOW HITPOINT WARNING * * *
The vampire draws strength from your injuries!
You barely miss the vampire. Your headbutt misses the vampire.
The vampire is moderately damaged.
The vampire hits you.
* * * LOW HITPOINT WARNING * * *
The vampire bites you!
You die...

....# #.....#
#.......###.# ....#
#.....# #.......#....
....# #.....#
###............ ....#
#.....# #..............
#.....# #.#............
#.....###.##{##........
#.........##.##........
######.#####.###.......
#@V.....# #.......
######### #.......
#....... #.......
#....... #.......
#....... ########


You could see a vampire.

Vanquished Creatures
  A hornet (D:4)
  A sky beast (D:6)
  An ice beast (D:5)
  A necrophage (D:5)
  An ogre (D:5)
  A black bear (D:7)
  A centaur (D:6)
  2 kobold brigands (D:3)
  3 bullfrogs
  A water moccasin zombie (D:5)
  3 scorpions
  4 killer bees (D:7)
  8 wights
  2 bullfrog zombies (D:6)
  2 centaur zombies (Ossuary)
  A gnoll shaman (D:5)
  3 hounds
  A human zombie (Ossuary)
  3 jellies
  A bullfrog skeleton (D:5)
  A centaur skeleton (D:7)
  4 orc priests
  Natasha (thrice) (D:2)
  2 iguanas
  An orc wizard (D:3)
  3 hound zombies (Ossuary)
  3 mummies (Ossuary)
  An adder (Sewer)
  4 gnolls (D:5)
  4 river rats (Sewer)
  A white imp (D:6)
  5 adder zombies (Ossuary)
  4 worms
  2 dart slugs
  12 orcs
  17 ball pythons
  5 bats
  6 endoplasms
  3 giant cockroaches
  4 goblins
  4 hobgoblins
  4 jackals (D:2)
  3 quokkas
  5 frilled lizards
  2 gnoll zombies (Ossuary)
  5 goblin zombies (Ossuary)
  3 hobgoblin zombies (Ossuary)
  A jackal zombie (Ossuary)
  11 kobolds
  3 kobold zombies (Ossuary)
  2 orc zombies (Ossuary)
  5 quokka zombies (Ossuary)
  29 rats
  3 rat zombies (Ossuary)
206 creatures vanquished.

Notes
Turn   | Place    | Note
-------+----------+-------------------------------------------
     0 | Abyss:1  | Hector the Minotaur Abyssal Knight began the quest for the
                  | Orb.
     0 | Abyss:1  | Reached XP level 1. HP: 19/19 MP: 1/1
    12 | Abyss:1  | Found a corrupted altar of Lugonu.
   114 | Abyss:1  | Noticed an ancient zyme
   115 | D:1      | Escaped the Abyss
   206 | D:1      | Reached skill level 3 in Axes
   392 | D:1      | Reached * piety under Lugonu
   426 | D:1      | Found a faded altar of an unknown god.
   450 | D:1      | Reached XP level 2. HP: 19/26 MP: 2/2
  1184 | D:2      | Noticed Natasha
  1189 | D:2      | Killed Natasha
  1190 | D:2      | Reached skill level 4 in Axes
  1190 | D:2      | Reached XP level 3. HP: 31/31 MP: 3/3
  1529 | D:2      | Noticed Natasha
  1542 | D:2      | Killed Natasha
  1543 | D:2      | Reached skill level 5 in Axes
  1543 | D:2      | Reached XP level 4. HP: 30/39 MP: 4/4
  1809 | D:2      | Noticed Natasha
  1818 | D:2      | Killed Natasha
  2166 | D:2      | Reached skill level 6 in Axes
  2476 | D:3      | Identified a scroll of acquirement
  2476 | D:3      | Acquired a +0 vampiric battleaxe
  2577 | D:3      | Found a white marble altar of Elyvilon.
  2695 | D:3      | Noticed a kobold brigand
  2761 | D:2      | Reached ** piety under Lugonu
  2763 | D:2      | Reached XP level 5. HP: 39/46 MP: 5/5
  2963 | D:3      | HP: 2/46 [poisoned by a kobold brigand]
  3259 | D:3      | Reached skill level 7 in Axes
  3259 | D:3      | Reached XP level 6. HP: 44/52 MP: 6/6
  3604 | D:3      | Found a bloodstained altar of Trog.
  3604 | D:3      | Found an iron altar of Okawaru.
  4449 | D:4      | Noticed a hornet
  4455 | D:5      | Entered Level 5 of the Dungeon
  4465 | D:5      | Reached skill level 8 in Axes
  4625 | D:5      | Reached XP level 7. HP: 43/59 MP: 6/8
  4689 | D:5      | Found a sand-covered staircase.
  4695 | Ossuary  | Entered an ossuary
  4731 | Ossuary  | Reached skill level 9 in Axes
  4821 | Ossuary  | Reached *** piety under Lugonu
  5320 | D:4      | Found a staircase to the Ecumenical Temple.
  5333 | D:4      | Killed a hornet
  5334 | D:4      | Reached skill level 10 in Axes
  5334 | D:4      | Reached XP level 8. HP: 44/67 MP: 9/9
  5685 | D:5      | Found a shimmering altar of Xom.
  6333 | D:6      | Reached skill level 11 in Axes
  6356 | D:6      | Reached skill level 5 in Fighting
  6429 | D:6      | Found a glowing drain.
  6442 | Sewer    | Entered a sewer
  6491 | Sewer    | Reached **** piety under Lugonu
  6780 | Sewer    | Reached XP level 9. HP: 72/74 MP: 11/11
  7180 | D:6      | Noticed Thargor's ghost (amateur DsFE)
  7181 | D:6      | Found a runed translucent gate.
  7181 | D:6      | Found a runed translucent gate.
  7183 | D:6      | Found a runed translucent gate.
  7251 | D:6      | Reached skill level 12 in Axes
  8101 | D:7      | Reached ***** piety under Lugonu
  8107 | D:7      | Reached skill level 5 in Armour
  8406 | D:7      | Reached skill level 5 in Invocations
  8594 | D:7      | HP: 2/74 [vampire (2)]
  8594 | D:7      | Slain by a vampire

Illustrated notes

Levels and vault maps discovered:
D:1:      dpeg_arrival_leaves_temple_mockup, layout_loops_ring, serial_aquarium,
          aquarium_bridge_square [aquarium_subvault_wall,
          aquarium_subvault_bridge, aquarium_subvault_window,
          aquarium_subvault_bridge], aquarium_window_corridor_3,
          aquarium_window_1, aquarium_window_2, aquarium_window_fake,
          aquarium_view_4, basic_ecumenical_altar, minmay_surrounded
D:2:      layout_basic, minmay_misc_feat_cross, uniq_natasha
D:3:      cheibrodos_thug_alley, layout_basic, elyvilon_altar_4,
          grunt_temple_overflow_bloody_war
D:4:      layout_loops_ring, minmay_temple_entry_butterflies,
          chequers_serial_rivers_micro_e
D:5:      layout_cave_pods, overflow_temple_1_default,
          nicolae_ossuary_entry_plus
D:6:      layout_rooms, portal_sewer_entry_a, gammafunk_ghost_split
D:7:      layout_basic

Skill      XL: |  1  2  3  4  5  6  7  8  9 |
---------------+----------------------------+-----
Axes           | 3 4 5 6 7 8 10 11 12 | 12.8
Invocations    | 2 3 4 5 |  5.0
Fighting       | 4 5 |  5.4
Armour         | 3 4 5 |  5.1
Dodging        | 2 |  2.0

Action                   |  1- 3 |  4- 6 |  7- 9 || total
-------------------------+-------+-------+-------++-------
Melee: Hand axe          |    52 |    35 |       ||    87
       Headbutt          |     9 |     7 |    44 ||    60
       Battleaxe         |       |    80 |   293 ||   373
Invok: Depart the Abyss  |     1 |       |       ||     1
       Bend Space        |       |     1 |     1 ||     2
  Use: Scroll            |       |    10 |    14 ||    24
       Potion            |       |     4 |     5 ||     9
Armor: Leather armour    |    17 |    12 |       ||    29
       Scale mail        |       |    20 |       ||    20
       Chain mail        |       |     7 |   208 ||   215
Dodge: Dodged            |    24 |    62 |   134 ||   220

Table legend: (Time is in decaauts)
 A = Elapsed time spent in this place.
 B = Non-inter-level travel time spent in this place.
 C = Inter-level travel time spent in this place.
 D = Time resting spent in this place.
 E = Time spent auto-exploring this place.
 F = Levels seen in this place.
 G = Mean time per level.
                   A        B        C        D        E       F      G
               +--------+--------+--------+--------+--------+-----+--------+
         Total |   8779 |   8283 |    496 |   1308 |   4908 |  10 |  877.9 |
       Dungeon |   7839 |   7343 |    496 |   1308 |   4411 |   7 | 1119.9 |
         Abyss |    115 |    115 |      0 |      0 |    111 |   1 |  115.0 |
         Sewer |    436 |    436 |      0 |      0 |    161 |   1 |  436.0 |
       Ossuary |    387 |    387 |      0 |      0 |    225 |   1 |  387.0 |
               +--------+--------+--------+--------+--------+-----+--------+

Top non-repeatable levels by time:
     D:2: 1721 daAuts
     D:3: 1254 daAuts
     D:5: 1184 daAuts
     D:1: 1070 daAuts
     D:4: 969 daAuts
     D:6: 864 daAuts
     D:7: 773 daAuts
   Sewer: 436 daAuts
 Ossuary: 387 daAuts
 Abyss:1: 115 daAuts
